 Dungeon Crawl Stone Soup version 0.28-a0-728-g0181a31188 (webtiles) character file.

Game seed: 15442086253812276589

402 Ijustatesigmund the Covert (level 6, -8/53 HPs)
             Began as a Gnoll Delver on Oct 28, 2021.
             Mangled by a wyvern (13 damage)
             ... on level 5 of the Dungeon.
             The game lasted 00:07:11 (4309 turns).

Ijustatesigmund the Covert (Gnoll Delver)           Turns: 4309, Time: 00:07:12

Health: -8/53      AC:  9    Str: 12    XL:     6   Next: 85%
Magic:  9/9        EV:  6    Int: 11    God:
Gold:   152        SH:  0    Dex: 13    Spells: 9/9 levels left

rFire   . . .      SeeInvis .   a - +0 war axe
rCold   . . .      Faith    .   (no shield)
rNeg    . . .      Spirit   .   b - +0 chain mail
rPois   .          Reflect  .   m - +0 helmet
rElec   .          Harm     .   (no cloak)
rCorr   .          Rampage  .   (no gloves)
Will    .....                   (no boots)
Stlth   +.........              (no amulet)
HPRegen 0.17/turn               (no ring)
MPRegen 0.11/turn               (no ring)

@: about to teleport, studying Throwing
A: fangs 1, strong nose, distributed training
a: no special abilities


You were on level 5 of the Dungeon.
You visited 1 branch of the dungeon, and saw 5 of its levels.

You collected 170 gold pieces.
You spent 18 gold pieces at shops.

Inventory:

Hand Weapons
 a - a +0 war axe (weapon)
Missiles
 o - an atropa-tipped dart (quivered)
Armour
 b - a +0 chain mail (worn)
 m - a +0 helmet (worn)
Wands
 g - a wand of digging (3)
 h - a wand of iceblast (4)
Scrolls
 c - a scroll of fog
 d - a scroll of magic mapping
 i - 2 scrolls of teleportation
Potions
 f - a potion of mutation {unknown}
 j - 2 potions of curing
 k - a potion of invisibility {unknown}
 l - a potion of cancellation
 n - a potion of lignification {unknown}


   Skills:
 + Level 6.9 Fighting
 + Level 2.1 Short Blades
 + Level 2.1 Long Blades
 + Level 5.0 Axes
 + Level 2.1 Maces & Flails
 + Level 2.1 Polearms
 + Level 2.1 Staves
 + Level 2.1 Slings
 + Level 2.1 Bows
 + Level 2.1 Crossbows
 + Level 2.9 Throwing
 + Level 2.1 Armour
 + Level 5.0 Dodging
 + Level 9.8 Stealth
 + Level 2.1 Shields
 + Level 2.1 Unarmed Combat
 + Level 2.1 Spellcasting
 + Level 1.7 Conjurations
 + Level 1.7 Hexes
 + Level 1.7 Summonings
 + Level 1.7 Necromancy
 + Level 1.7 Translocations
 + Level 1.7 Transmutations
 + Level 1.7 Fire Magic
 + Level 1.7 Ice Magic
 + Level 1.7 Air Magic
 + Level 1.7 Earth Magic
 + Level 1.7 Poison Magic
 + Level 2.3 Invocations
 + Level 2.1 Evocations


You had 9 spell levels left.
You didn't know any spells.
Your spell library contained the following spells:

 Spells                   Type           Power      Damage    Failure   Level
 Sublimation of Blood     Necr           2%         N/A       100%        2
 Wereblood                Tmut           4%         N/A       100%        2
 Inner Flame              Hex/Fire       4%         N/A       100%        3
 Cause Fear               Hex            2%         N/A       100%        4
 Summon Hydra             Summ           2%         N/A       100%        7
 Discord                  Hex            2%         N/A       100%        8


Dungeon Overview and Level Annotations

Branches:
Dungeon (5/15)
 Temple: D:4-7

Altars:
Fedhas
The Shining One

Shops:
D:3 *   D:5 [

Annotations:
D:3 Grinder


Innate Abilities, Weirdness & Mutations

You have very sharp teeth.
Your uncanny sense of smell can sniff out nearby items.
Your experience applies equally to all skills.


Message History

The gnoll appears confused.
A wyvern comes into view.
The gnoll hits something with a +0 whip.
The gnoll barely misses something.
Okay, then.
Okay, then.
The gnoll seems less confused.
You slash the wyvern zombie!
You bite the wyvern zombie, but do no damage.
The wyvern zombie is moderately damaged.
The gnoll seems less confused.
The wyvern zombie bites you. The wyvern zombie bites you!
You hit the wyvern zombie.
The wyvern zombie is moderately damaged.
You hit the wyvern.
The wyvern is lightly wounded.
A water moccasin comes into view.
The wyvern bites you!
The water moccasin hisses angrily.
You hit the wyvern.
The wyvern is moderately wounded.
The wyvern barely misses you. The wyvern bites you!
You hit the wyvern but do no damage.
The wyvern is moderately wounded.
You closely miss the gnoll.
The wyvern bites you but does no damage.
The wyvern barely misses you. The gnoll hits you but does no damage.
You hit the gnoll but do no damage.
The gnoll is heavily wounded.
You hit the wyvern but do no damage. The wyvern bites you.
The gnoll hits you with a +0 club.
* * * LOW HITPOINT WARNING * * *
The wyvern bites you.
* * * LOW HITPOINT WARNING * * *
The gnoll hits you from afar with a +0 halberd.
* * * LOW HITPOINT WARNING * * *
As you read the scroll of teleportation, it crumbles to dust.
You feel strangely unstable.
The gnoll is no longer blind.
The wyvern bites you!
You die...

####### #.....# #.....#
#.....##############...
#.............g@lsS....
#.......#.....###g####.
#.....#.......#.. ((
#......##........ ...
#................. .#.
#.....###.....#.... #
##..####...........
###.###........#####
#(...##.##.....#


You could see a water moccasin, a wyvern, a scorpion and 2 gnolls.

Vanquished Creatures
  A bullfrog (D:4)
  3 orc priests
  A jelly (D:4)
  A bullfrog skeleton (D:4)
  An iguana (D:4)
  An orc wizard (D:5)
  A hound skeleton (D:3)
  6 gnolls
  A worm (D:2)
  A dart slug (D:5)
  11 orcs
  2 ball pythons
  2 bats (D:1)
  4 endoplasms
  A giant cockroach (D:1)
  2 goblins
  2 hobgoblins
  6 jackals
  2 quokkas (D:1)
  4 frilled lizards
  5 kobolds
  4 rats
62 creatures vanquished.

Vanquished Creatures (others)
  13 fungi (D:4)
  8 plants (D:4)
21 creatures vanquished.

Grand Total: 83 creatures vanquished

Notes
Turn   | Place    | Note
-------+----------+-------------------------------------------
     0 | D:5      | Reached skill level 9 in Stealth
     0 | D:5      | Ijustatesigmund the Gnoll Delver began the quest for the
                  | Orb.
     0 | D:5      | Reached XP level 1. HP: 23/23 MP: 1/1
   307 | D:1      | Reached XP level 2. HP: 29/29 MP: 2/2
   710 | D:2      | Found a faded altar of an unknown god.
   764 | D:2      | Reached XP level 3. HP: 21/35 MP: 3/3
  1393 | D:2      | Reached skill level 1 in Invocations
  1539 | D:3      | Reached skill level 1 in Short Blades
  1539 | D:3      | Reached skill level 1 in Long Blades
  1539 | D:3      | Reached skill level 1 in Maces & Flails
  1539 | D:3      | Reached skill level 1 in Polearms
  1539 | D:3      | Reached skill level 1 in Staves
  1539 | D:3      | Reached skill level 1 in Slings
  1539 | D:3      | Reached skill level 1 in Bows
  1539 | D:3      | Reached skill level 1 in Crossbows
  1539 | D:3      | Reached skill level 1 in Throwing
  1539 | D:3      | Reached skill level 1 in Armour
  1539 | D:3      | Reached skill level 1 in Shields
  1539 | D:3      | Reached skill level 1 in Unarmed Combat
  1539 | D:3      | Reached skill level 1 in Spellcasting
  1539 | D:3      | Reached skill level 1 in Evocations
  1539 | D:3      | Reached XP level 4. HP: 29/41 MP: 5/5
  1713 | D:3      | Found Pouxton's Assorted Antiques.
  1733 | D:3      | Bought a fizzy black potion for 18 gold pieces
  1841 | D:3      | Noticed Grinder
  1968 | D:4      | Found a blossoming altar of Fedhas.
  2122 | D:4      | Reached skill level 1 in Conjurations
  2122 | D:4      | Reached skill level 1 in Hexes
  2122 | D:4      | Reached skill level 1 in Summonings
  2122 | D:4      | Reached skill level 1 in Necromancy
  2122 | D:4      | Reached skill level 1 in Translocations
  2122 | D:4      | Reached skill level 1 in Transmutations
  2122 | D:4      | Reached skill level 1 in Fire Magic
  2122 | D:4      | Reached skill level 1 in Ice Magic
  2122 | D:4      | Reached skill level 1 in Air Magic
  2122 | D:4      | Reached skill level 1 in Earth Magic
  2122 | D:4      | Reached skill level 1 in Poison Magic
  2234 | D:4      | Reached XP level 5. HP: 34/47 MP: 5/7
  3109 | D:4      | Reached XP level 6. HP: 36/53 MP: 8/8
  3120 | D:4      | Reached skill level 5 in Axes
  3120 | D:4      | Reached skill level 5 in Dodging
  3724 | D:4      | Found a glowing golden altar of the Shining One.
  4089 | D:5      | Found Quohefre's Antique Armour Shoppe.
  4301 | D:5      | Noticed a wyvern
  4305 | D:5      | Noticed a water moccasin
  4309 | D:5      | Mangled by a wyvern

Illustrated notes

Levels and vault maps discovered:
D:1:      eino_arrival_water_star, layout_loops_ring
D:2:      layout_basic, shapermc_ecumenical_altar_totnotflames,
          eino_tiny_chamber, minmay_misc_feat_plants, grunt_ministairs_2
D:3:      layout_rooms, serial_shops, shop_statue, uniq_grinder
D:4:      layout_basic, mainiacjoe_overflow_boulevard, fedhas_altar_3,
          serial_forest, infiniplex_forest_clump_diagonal,
          infiniplex_forest_zigzag_1, infiniplex_forest_end_double,
          infiniplex_forest_lined_corner, infiniplex_forest_lined_3
D:5:      layout_rooms, serial_shops, shop

Skill      XL: |  1  2  3  4  5  6 |
---------------+-------------------+-----
Stealth        | |  9.8
Invocations    | 1 2 |  2.3
Short Blades   | 1 2 |  2.1
Long Blades    | 1 2 |  2.1
Maces & Flails | 1 2 |  2.1
Polearms       | 1 2 |  2.1
Staves         | 1 2 |  2.1
Slings         | 1 2 |  2.1
Bows           | 1 2 |  2.1
Crossbows      | 1 2 |  2.1
Throwing       | 1 2 |  2.9
Armour         | 1 2 |  2.1
Shields        | 1 2 |  2.1
Unarmed Combat | 1 2 |  2.1
Spellcasting   | 1 2 |  2.1
Evocations     | 1 2 |  2.1
Conjurations   | 1 |  1.7
Hexes          | 1 |  1.7
Summonings     | 1 |  1.7
Necromancy     | 1 |  1.7
Translocations | 1 |  1.7
Transmutations | 1 |  1.7
Fire Magic     | 1 |  1.7
Ice Magic      | 1 |  1.7
Air Magic      | 1 |  1.7
Earth Magic    | 1 |  1.7
Poison Magic   | 1 |  1.7
Axes           | 5 |  5.0
Dodging        | 5 |  5.0
Fighting       | |  6.9

Action                   |  1- 3 |  4- 6 || total
-------------------------+-------+-------++-------
Melee: Hand axe          |    35 |       ||    35
       War axe           |    36 |   144 ||   180
       Bite              |     8 |    15 ||    23
Throw: Dart              |       |     6 ||     6
Evoke: Wand              |       |     4 ||     4
  Use: Potion            |       |     5 ||     5
       Scroll            |       |     6 ||     6
 Stab: Sleeping          |     5 |       ||     5
Armor: Leather armour    |     2 |       ||     2
       Chain mail        |    30 |    73 ||   103
Dodge: Dodged            |    25 |    28 ||    53

Table legend: (Time is in decaauts)
 A = Elapsed time spent in this place.
 B = Non-inter-level travel time spent in this place.
 C = Inter-level travel time spent in this place.
 D = Time resting spent in this place.
 E = Time spent auto-exploring this place.
 F = Levels seen in this place.
 G = Mean time per level.
                   A        B        C        D        E       F      G
               +--------+--------+--------+--------+--------+-----+--------+
         Total |   4347 |   4253 |     94 |   1385 |   2112 |   5 |  869.4 |
       Dungeon |   4347 |   4253 |     94 |   1385 |   2112 |   5 |  869.4 |
               +--------+--------+--------+--------+--------+-----+--------+

Top non-repeatable levels by time:
     D:4: 2031 daAuts
     D:2: 915 daAuts
     D:1: 623 daAuts
     D:3: 500 daAuts
     D:5: 277 daAuts
